AoeStats
← NORTHLANDER

Enclosed

504290823Analyzed
1v1 RM · 28d ago on Sep 4, 2026· 50m 9s· 2 players
Game mode
Random Map
Map size
Tiny (2 player)
Population
200
Speed
Normal
Resources
Standard
Victory
Conquest
Starting age
Dark Age
Ending age
Imperial Age
RankedLock teamsTeams togetherTeam positionsShared explorationLock speedFull tech treeHidden civsTurbo modeCheats
Victory
Defeat
🇬🇧 Vietnamese · United Kingdom
962
+15
🇸🇪 Lithuanians · Sweden
951
-44
NORTHLANDER
7:14 Loom
9:54 Feudal Age
11:39 Horse Collar
14:56 Scale Barding Armor
17:24 Forging
17:08 Fletching
19:54 Padded Archer Armor
23:46 Castle Age
23:59 Elite Skirmisher
26:48 Bodkin Arrow
28:45 Wheelbarrow
28:40 Leather Archer Armor
34:18 Chain Barding Armor
38:12 Pikeman
41:05 Hill Forts
46:05 Imperial Age
44:53 Bloodlines
44:44 Husbandry
46:58 Bracer
Titch
10:49 Feudal Age
9:09 Loom
10:57 Feudal Age
11:22 Loom
13:41 Double-Bit Axe
21:09 Castle Age
19:54 Scale Mail Armor
26:31 Bow Saw
27:34 Wheelbarrow
30:20 Scale Barding Armor
30:26 Forging
31:29 Chain Barding Armor
31:30 Bloodlines
31:02 Light Cavalry
32:22 Husbandry
36:09 Iron Casting
38:51 Fletching
43:18 Imperial Age
41:58 Town Watch
42:34 Hand Cart
42:36 Bodkin Arrow
45:10 Chemistry
47:01 Plate Barding Armor
50:15 Siege Engineers
Connection lost

Rejoining the realm…

Still unreachable

The connection could not be restored.

Session expired

The server has moved on; the page needs a fresh start.